 Dungeon Crawl Stone Soup version 0.27.1-35-g4d5d836560 (webtiles) character file.

Game seed: 10979321983138191319

23949 cbfl8 the Cruncher (level 12, -6/112 HPs)
             Began as a Minotaur Berserker on July 11, 2022.
             Was a High Priest of Trog.
             Mangled by a dire elephant simulacrum (20 damage)
             ... in an ice cave.
             The game lasted 00:42:10 (17240 turns).

cbfl8 the Cruncher (Minotaur Berserker)            Turns: 17240, Time: 00:42:12

Health: -6/112     AC: 19    Str: 25    XL:     12   Next: 76%
Magic:  20/20      EV: 14    Int:  8    God:    Trog [*****.]
Gold:   769        SH:  0    Dex: 14    Spells: 11/11 levels left

rFire    . . .     SeeInvis .   k - +4 quarterstaff (chaos)
rCold    + . .     Faith    .   (shield currently unavailable)
rNeg     . . .     Spirit   .   z - +1 scale mail
rPois    .         Reflect  .   (helmet restricted)
rElec    .         Harm     .   c - +2 cloak "Fimex" {Will+ Regen+ MP+9 Int+4}
rCorr    +         Rampage  .   (no gloves)
Will     +....                  s - +0 pair of boots
Stlth    +.........             H - amulet of magic regeneration
HPRegen  1.28/turn              h - ring of protection from cold
MPRegen  0.42/turn              p - ring "Fapniext" {rCorr AC+4 Str+2}

@: studying Necromancy
A: horns 2, retaliatory headbutt
a: Renounce Religion, Berserk, Trog's Hand, Brothers in Arms


You were in an ice cave.
You worshipped Trog.
Trog was extremely pleased with you.
You visited 3 branches of the dungeon, and saw 14 of its levels.
You also visited: Ice Cave.

You collected 769 gold pieces.

Inventory:

Hand Weapons
 d - a +0 broad axe
 f - a +2 longbow of freezing
 k - a +4 quarterstaff of chaos (weapon)
 m - a +3 shortbow
 A - a +0 arbalest
Missiles
 D - 120 arrows
 N - 2 throwing nets (quivered)
Armour
 b - a +0 kite shield
 c - the +2 cloak "Fimex" (worn) {Will+ Regen+ MP+9 Int+4}
   (You acquired it on level 2 of the Lair of Beasts)

   Int:       It affects your intelligence (+4).
   MP:        It affects your magic capacity (+9).
   Regen:     It increases your rate of health regeneration.
   Will:      It increases your willpower.
 l - a +2 cloak
 s - a +0 pair of boots (worn)
 z - a +1 scale mail (worn)
 B - a scarf of invisibility
Jewellery
 h - a ring of protection from cold (left hand)
 p - the ring "Fapniext" (right hand) {rCorr AC+4 Str+2}
   (You took it off an orc on level 4 of the Dungeon)

   [ring of protection]

   AC:        It affects your AC (+4).
   Str:       It affects your strength (+2).
   rCorr:     It protects you from acid and corrosion.
 u - a ring of see invisible
 H - an amulet of magic regeneration (around neck)
 L - a ring of poison resistance
Wands
 i - a wand of charming (8)
 n - a wand of digging (8)
 E - a wand of polymorph (14)
 I - a wand of mindburst (13)
Scrolls
 a - a scroll of enchant weapon {unknown}
 r - 4 scrolls of teleportation
 x - 2 scrolls of fog
 J - a scroll of immolation
Potions
 e - 5 potions of curing
 g - 3 potions of heal wounds
 j - 2 potions of haste {unknown}
 o - 3 potions of lignification
 t - 2 potions of flight
 v - a potion of cancellation {unknown}
 w - a potion of attraction {unknown}
 C - 2 potions of invisibility {unknown}
 F - a potion of degeneration {unknown}
 M - a potion of brilliance {unknown}
Miscellaneous
 q - a condenser vane


   Skills:
 + Level 11.8 Fighting
 + Level 6.4 Axes
 + Level 14.9 Staves
 + Level 1.5 Bows
 + Level 12.2 Armour
 + Level 8.3 Dodging
 + Level 4.9 Stealth
 + Level 0.8 Evocations


You had 11 spell levels left.
You didn't know any spells.
Your spell library contained the following spells:

 Spells                   Type           Power      Damage    Failure   Level
 Apportation              Tloc           0%         N/A       63%         1
 Sting                    Tmut/Pois      0%         1d3       63%         1
 Poisonous Vapours        Pois/Air       0%         N/A       77%         2
 Gell's Gravitas          Tloc           0%         N/A       94%         3
 Ignite Poison            Fire/Tmut/Pois 0%         N/A       94%         3
 Lesser Beckoning         Tloc           0%         N/A       94%         3
 Mephitic Cloud           Conj/Pois/Air  0%         N/A       94%         3
 Teleport Other           Tloc           0%         N/A       94%         3
 Animate Armour           Summ/Erth      0%         N/A       100%        4
 Olgreb's Toxic Radiance  Pois           0%         N/A       100%        4
 Alistair's Intoxication  Tmut/Pois      0%         N/A       100%        5
 Blade Hands              Tmut           0%         N/A       100%        5
 Bolt of Magma            Conj/Fire/Erth 0%         4d4       100%        5
 Invisibility             Hex            0%         N/A       100%        6
 Iron Shot                Conj/Erth      0%         9d1       100%        6


Dungeon Overview and Level Annotations

Branches:
Dungeon (11/15)            Temple (1/1) D:6            Lair (2/6) D:11
    Orc (0/2) D:9           IceCv (1/1)
  Swamp: Lair:2-4    Shoals: Lair:2-4     Snake: Lair:2-4    Spider: Lair:2-4

Altars:
Ashenzari
Cheibriados
Dithmenos
Elyvilon
Fedhas
Gozag
Hepliaklqana
Kikubaaqudgha
Makhleb
Nemelex Xobeh
Okawaru
Qazlal
Ru
Sif Muna
Trog
Uskayaw
Vehumet
Wu Jian
Xom
Yredelemnul
Zin
The Shining One

Shops:
D:2 :


Innate Abilities, Weirdness & Mutations

You have a pair of horns on your head.
You reflexively headbutt those who attack you in melee.


Message History

The anaconda simulacrum is severely damaged.
The anaconda simulacrum closely misses you.
You furiously retaliate!
You headbutt the anaconda simulacrum, but do no damage.
The anaconda simulacrum closely misses you.
You closely miss the anaconda simulacrum.
The anaconda simulacrum is severely damaged.
The anaconda simulacrum barely misses you. x2
You bludgeon the anaconda simulacrum!!
The anaconda simulacrum vaporises!
Trog accepts your kill.
Your life force feels restored.
You sock the ice devil!
The ice devil is moderately wounded.
You completely miss the ice devil. You headbutt the ice devil!
The ice devil is heavily wounded.
The ice devil hits you but does no damage.
You sock the ice devil!
The ice devil is poisoned.
Your headbutt misses the ice devil.
The ice devil is almost dead.
You sock the ice devil! You burn the ice devil.
You kill the ice devil!
Trog accepts your kill.
The dire elephant simulacrum tramples you!
The dire elephant simulacrum freezes you!
You resist.
The dire elephant simulacrum trunk-slaps you.
The dire elephant simulacrum freezes you!
You resist.
You hit the dire elephant simulacrum but do no damage.
Lightning courses through the dire elephant simulacrum!
The dire elephant simulacrum is lightly damaged.
You sock the dire elephant simulacrum!
The dire elephant simulacrum seems to grow stronger.
The dire elephant simulacrum is heavily damaged.
The dire elephant simulacrum tramples you!!
* * * LOW HITPOINT WARNING * * *
The dire elephant simulacrum freezes you!!
You resist.
You die...

##..#### ###.## ##......##
###..## ### ##........#
###...### #.........###
##.......#### ##...####....#
#..........[# #...##.)##...#
#..........[# ##..#..).#..##
#........8#########.......[##
#........## ##...###......##
..###.....###...@.####'####
.########..#..###Z.# #..⌠#
...### ##...## W.# #####
#....### ##.## ### ###....##
### ###...### ###...### ...
### ###...##


WZ. ..## ##...# ...Z You could see a freezing wraith and a dire elephant
simulacrum (strong).

Vanquished Creatures
  A boulder beetle (Lair:1)
  A centaur warrior (D:9)
  3 two-headed ogres (D:9)
  2 necromancers
  A faun (D:11)
  An ugly thing (IceCv)
  A cyclops (D:11)
  Maurice (D:9)
  A black mamba (Lair:1)
  An ice statue (IceCv)
  A kobold demonologist (D:10)
  A cane toad (Lair:1)
  A freezing wraith (IceCv)
  2 anaconda simulacra (IceCv)
  A komodo dragon (Lair:2)
  8 ice devils (IceCv)
  2 entropy weaver simulacra (IceCv)
  3 trolls
  A hornet (D:7)
  3 shadows (D:9)
  A wyvern (D:9)
  33 yaks
  2 wraiths
  4 steam dragons
  5 vampire mosquitoes
  3 death yak simulacra (IceCv)
  4 water moccasins
  Duvessa (D:7)
  4 orc warriors
  2 black bears
  5 sky beasts
  2 ice beasts
  An ogre (D:5)
  5 centaurs
  3 phantoms
  Blork the orc (D:4)
  5 bullfrogs
  A kobold brigand (D:9)
  3 scorpions
  2 gnoll sergeants
  3 wyvern zombies
  Dowan (D:7)
  2 cane toad simulacra (IceCv)
  2 troll zombies (D:9)
  3 killer bees (D:9)
  3 elephant simulacra
  3 wights
  2 howler monkeys
  2 centaur zombies
  Crazy Yiuf (D:3)
  5 hounds
  A gnoll shaman (D:7)
  4 orc priests
  A centaur skeleton (D:7)
  2 iguanas
  8 orc wizards
  2 spriggan simulacra (IceCv)
  2 yak simulacra (Lair:2)
  4 polar bear simulacra
  12 wolf simulacra
  5 ogre zombies (D:9)
  A hound skeleton (D:5)
  2 howler monkey zombies
  16 gnolls
  5 adders
  A naga simulacrum (IceCv)
  A shadow imp (D:7)
  4 white imps
  3 ufetubi
  An adder skeleton (D:4)
  A dart slug (D:1)
  A worm (D:4)
  15 orcs
  5 bats
  6 endoplasms
  A giant cockroach (D:1)
  5 goblins
  3 hobgoblins
  4 jackals
  6 quokkas
  4 ball pythons
  4 frilled lizards
  A goblin skeleton (D:9)
  3 goblin zombies (D:9)
  4 hobgoblin skeletons (D:9)
  A hobgoblin zombie (D:9)
  5 kobolds
  4 orc skeletons (D:9)
  11 orc zombies (D:9)
  5 rats
314 creatures vanquished.

Vanquished Creatures (collateral kills)
  2 yaks (D:9)
  An ogre zombie (D:9)
  An orc (D:9)
  An orc skeleton (D:9)
5 creatures vanquished.

Vanquished Creatures (others)
  A fungus (Lair:2)
  14 plants
15 creatures vanquished.

Grand Total: 334 creatures vanquished

Notes
Turn   | Place    | Note
-------+----------+-------------------------------------------
     0 | D:1      | cbfl8 the Minotaur Berserker began the quest for the Orb.
     0 | D:1      | Reached XP level 1. HP: 19/19 MP: 0/0
   105 | D:1      | Reached XP level 2. HP: 27/27 MP: 1/1
   416 | D:1      | Reached ** piety under Trog
   774 | D:1      | Reached XP level 3. HP: 34/34 MP: 2/2
  1289 | D:2      | Found a faded altar of an unknown god.
  1432 | D:2      | Found Guzixt's Book Boutique.
  1739 | D:3      | Noticed a black bear
  1749 | D:3      | Killed a black bear
  1750 | D:3      | Reached skill level 5 in Axes
  1750 | D:3      | Reached XP level 4. HP: 25/41 MP: 3/3
  1750 | D:3      | Reached XP level 5. HP: 29/47 MP: 4/4
  2765 | D:3      | Found a runed translucent door.
  2766 | D:3      | Noticed Crazy Yiuf
  3035 | D:3      | Killed Crazy Yiuf
  3036 | D:3      | Reached skill level 5 in Fighting
  3500 | D:4      | Found a white marble altar of Elyvilon.
  3632 | D:4      | Noticed Blork the orc
  3655 | D:4      | Killed Blork the orc
  3656 | D:4      | Reached XP level 6. HP: 27/56 MP: 5/5
  4062 | D:4      | Identified the ring "Fapniext" {rCorr AC+4 Str+2}
  4210 | D:4      | Reached skill level 1 in Staves
  4790 | D:5      | Entered Level 5 of the Dungeon
  4816 | D:5      | Reached skill level 2 in Staves
  4865 | D:5      | Reached XP level 7. HP: 51/61 MP: 6/6
  4923 | D:5      | Reached skill level 5 in Armour
  5279 | D:5      | Reached skill level 3 in Staves
  5279 | D:5      | Reached skill level 1 in Stealth
  5320 | D:5      | Reached *** piety under Trog
  5321 | D:5      | Reached skill level 4 in Staves
  5652 | D:5      | Reached XP level 8. HP: 70/70 MP: 7/7
  5660 | D:5      | Reached skill level 5 in Staves
  6658 | D:6      | Found a staircase to the Ecumenical Temple.
  6724 | Temple   | Entered the Ecumenical Temple
  6887 | D:6      | Reached skill level 6 in Staves
  7420 | D:7      | Reached skill level 7 in Staves
  7620 | D:7      | Reached skill level 8 in Staves
  7620 | D:7      | Reached XP level 9. HP: 44/78 MP: 8/8
  8224 | D:7      | Reached skill level 9 in Staves
  8224 | D:7      | Reached skill level 5 in Dodging
  8381 | D:7      | Noticed Duvessa
  8381 | D:7      | Noticed Dowan
  8395 | D:7      | Killed Duvessa
  8398 | D:7      | Killed Dowan
  8549 | D:7      | Reached **** piety under Trog
  9097 | D:8      | Reached skill level 10 in Staves
  9508 | D:8      | Reached XP level 10. HP: 86/88 MP: 9/9
 10410 | D:9      | Reached skill level 11 in Staves
 10872 | D:9      | Noticed a two-headed ogre
 10894 | D:9      | Killed a two-headed ogre
 10895 | D:9      | Reached skill level 12 in Staves
 10900 | D:9      | Reached skill level 10 in Armour
 11020 | D:9      | Noticed a centaur warrior
 11020 | D:9      | Noticed a two-headed ogre
 11051 | D:9      | Killed a centaur warrior
 11052 | D:9      | Reached XP level 11. HP: 75/97 MP: 10/10
 11055 | D:9      | Killed a two-headed ogre
 11068 | D:9      | Noticed a two-headed ogre
 11624 | D:9      | Noticed Maurice
 11630 | D:9      | Killed Maurice
 11642 | D:9      | Found a staircase to the Orcish Mines.
 11646 | D:9      | Reached skill level 13 in Staves
 12342 | D:9      | Killed a two-headed ogre
 12618 | D:10     | Entered Level 10 of the Dungeon
 12699 | D:10     | Reached skill level 10 in Fighting
 13209 | D:10     | Noticed a sixfirhy
 13219 | D:10     | Reached ***** piety under Trog
 13976 | D:11     | Noticed a boulder beetle
 13996 | D:11     | a boulder beetle changed into a faun
 13998 | D:11     | Reached skill level 14 in Staves
 14340 | D:11     | Found a staircase to the Lair.
 14603 | Lair:1   | Entered Level 1 of the Lair of Beasts
 14724 | Lair:1   | Reached XP level 12. HP: 73/107 MP: 11/11
 15319 | Lair:1   | Found an ornate altar of the Wu Jian Council.
 15319 | Lair:1   | Found a hide-covered altar of Uskayaw.
 15319 | Lair:1   | Noticed a boulder beetle
 15339 | Lair:1   | Killed a boulder beetle
 16075 | Lair:2   | Identified a scroll of acquirement
 16075 | Lair:2   | Acquired the +2 cloak "Fimex" {Will+ Regen+ MP+9 Int+4}
 16441 | Lair:2   | Found a frozen archway.
 16463 | IceCv    | Entered an ice cave
 16753 | IceCv    | Found an ancient bone altar of Kikubaaqudgha.
 17080 | IceCv    | Reached skill level 1 in Bows
 17240 | IceCv    | Mangled by a dire elephant simulacrum

Illustrated notes

Levels and vault maps discovered:
D:1:      minmay_arrival_five_plusses, layout_loops_ring,
          chequers_serial_rivers_large_a, st_stairs_4,
          minmay_misc_feat_diagonals, kennysheep_small_spiral
D:2:      layout_rooms, ebering_ecumenical_altar_rust, serial_shops, shop
D:3:      layout_basic, uniq_crazy_yiuf_cottage
D:4:      layout_loops_corners, kennysheep_little_box, uniq_blork_the_orc
D:5:      layout_layer_cave
D:6:      layout_cave_pods, minmay_temple_entry_slanted
D:7:      layout_gridville, minmay_fractal_squares_diagonal_5, uniq_duvessa
D:8:      layout_gridville, chequers_serial_rivers_micro_c
D:9:      nzn_winding_woodlands_three_and_one
          [nzn_winding_woodlands_5x15_sidewinder,
          nzn_winding_woodlands_5x15_crooked, nzn_winding_woodlands_5x15_pool,
          nzn_winding_woodlands_center_lodge], layout_basic, zombieorc2_lemuel,
          uniq_maurice
D:10:     layout_rooms
D:11:     layout_rooms, dpeg_oklobed_lair
Temple:   dpeg_three_leaves_temple
Lair:1:   layout_regular_city, nzn_masters_of_martial_movement
Lair:2:   layout_concentric_octagons, portal_ice_cave_entry_ice_simulacra,
          eino_house_with_fridge
IceCv:    ice_cave_small_necro

Skill      XL: |  1  2  3  4  5  6  7  8  9 10 11 12 |
---------------+-------------------------------------+-----
Fighting       | 4 5 6 8 9 10 11 | 11.8
Axes           | 4 5 6 |  6.4
Armour         | 3 4 6 7 8 10 11 12 | 12.2
Dodging        | 3 4 5 6 7 8 |  8.3
Staves         | 2 4 8 10 12 14 | 14.9
Stealth        | 1 2 4 |  4.9
Bows           | 1 |  1.5
Evocations     | |  0.8

Action                   |  1- 3 |  4- 6 |  7- 9 | 10-12 || total
-------------------------+-------+-------+-------+-------++-------
Melee: Hand axe          |    71 |    37 |       |       ||   108
       Headbutt          |     3 |    15 |    36 |   197 ||   251
       Quarterstaff      |       |    33 |   204 |   629 ||   866
 Fire: Shortbow          |       |       |       |     7 ||     7
Invok: Berserk           |     1 |     1 |     1 |     6 ||     9
       Trog's Hand       |       |     1 |     1 |     5 ||     7
       Brothers in Arms  |       |       |       |     4 ||     4
Evoke: Wand              |       |       |       |     3 ||     3
  Use: Scroll            |       |       |     3 |    16 ||    19
       Potion            |       |       |       |     3 ||     3
 Stab: Confused          |       |       |       |     4 ||     4
       Petrified         |       |       |       |     3 ||     3
       Petrifying        |       |       |       |     2 ||     2
       Distracted        |       |       |       |     1 ||     1
       Paralysed         |       |       |       |     1 ||     1
Armor: Animal skin       |     7 |       |       |       ||     7
       Ring mail         |    15 |    26 |    74 |       ||   115
       Scale mail        |       |       |    82 |   244 ||   326
Dodge: Dodged            |    41 |    47 |   151 |   278 ||   517
